AoeStats
← [GG] Shevchenko 7

Arena

507899365Analyzed
3v3 RM · 13d ago on Sep 20, 2026· 42m 15s· 6 players
Game mode
Random Map
Map size
Normal (6 player)
Population
200
Speed
Normal
Resources
Standard
Victory
Conquest
Starting age
Dark Age
Ending age
Imperial Age
RankedLock teamsTeams togetherTeam positionsShared explorationLock speedFull tech treeHidden civsTurbo modeCheats
Victory
Defeat
1060
+14
🇧🇷 Malians · Brazil
1024
+15
🇧🇷 Lithuanians · Brazil
989
+17
🇧🇷 Japanese · Brazil
1059
-17
🇺🇸 Cumans · United States
994
-15
🇺🇸 Goths · United States
973
-14
[GG] Shevchenko 7
10:48 Feudal Age
9:53 Loom
15:05 Castle Age
15:06 Double-Bit Axe
23:58 Wheelbarrow
32:15 Husbandry
33:18 Hand Cart
34:15 Scale Barding Armor
34:21 Forging
34:19 Gold Mining
34:49 Light Cavalry
35:40 Bloodlines
35:53 Chain Barding Armor
36:10 Town Watch
37:45 Iron Casting
39:43 Imperial Age
37:02 Horse Collar
37:37 Bow Saw
38:43 Scale Mail Armor
38:53 Fletching
39:44 Chain Mail Armor
40:07 Padded Archer Armor
42:03 Plate Barding Armor
42:14 Cavalier
[GG] Raúl González Blanco
4:57 Loom
10:10 Feudal Age
13:39 Town Watch
18:49 Castle Age
18:23 Horse Collar
18:32 Double-Bit Axe
26:39 Town Patrol
28:23 Kamandaran
29:41 Fletching
33:23 Imperial Age
31:48 Bloodlines
31:38 Husbandry
32:00 Crossbowman
32:45 Thumb Ring
33:02 Bow Saw
33:45 Wheelbarrow
33:07 Bodkin Arrow
34:01 Scale Barding Armor
34:20 Padded Archer Armor
36:15 Chemistry
35:36 Ballistics
37:11 Two-Man Saw
37:49 Hand Cart
37:52 Forging
39:39 Leather Archer Armor
39:52 Chain Barding Armor
40:08 Iron Casting
39:57 Cavalier
40:00 Light Cavalry
[GG] Trezeguet
10:07 Feudal Age
11:53 Loom
15:07 Castle Age
13:54 Double-Bit Axe
26:27 Scale Mail Armor
26:37 Forging
28:21 Chain Mail Armor
33:51 Imperial Age
31:55 Gold Mining
32:42 Iron Casting
35:47 Pikeman
37:00 Plate Mail Armor
39:08 Wheelbarrow
Chaves
9:41 Feudal Age
10:37 Horse Collar
10:46 Double-Bit Axe
13:20 Loom
14:34 Town Watch
17:13 Castle Age
15:08 Gold Mining
16:07 Man-at-Arms
19:14 Gold Shaft Mining
18:56 Bow Saw
21:12 Town Watch
23:13 Wheelbarrow
23:54 Fletching
24:46 Squires
Wiggly ChiChisX
0:28 Loom
10:56 Feudal Age
15:37 Horse Collar
17:01 Man-at-Arms
18:43 Forging
23:51 Scale Mail Armor
28:06 Castle Age
35:17 Anarchy
36:21 Gold Mining
36:43 Pikeman
37:26 Squires
EvilxAnthony
8:07 Loom
10:25 Feudal Age
12:17 Horse Collar
14:12 Double-Bit Axe
19:20 Wheelbarrow
26:39 Bloodlines
26:41 Scale Barding Armor
26:47 Forging
30:23 Castle Age
30:37 Gold Mining
35:23 Chain Barding Armor
35:39 Iron Casting
36:33 Stone Mining
37:00 Fletching
38:16 Heavy Plow
40:12 Ballistics
39:51 Murder Holes
40:11 Masonry
Connection lost

Rejoining the realm…

Still unreachable

The connection could not be restored.

Session expired

The server has moved on; the page needs a fresh start.